 Dungeon Crawl Stone Soup version 0.20.0-15-g7f486f2 (webtiles) character file.

3592 Hasart the Destroyer (level 9, -7/64 HPs)
             Began as a Demonspawn Wizard on June 12, 2017.
             Was a Follower of Sif Muna.
             Mangled by an orc knight
             ... wielding a +0 war axe
              (10 damage)
             ... in a bailey.
             The game lasted 00:34:36 (7848 turns).

Hasart the Destroyer (Demonspawn Wizard)            Turns: 7848, Time: 00:34:36

Health: -7/64      AC:  7    Str:  8    XL:     9   Next: 85%
Magic:  5/27       EV: 12    Int: 24    God:    Sif Muna [*.....]
Gold:   273        SH:  0    Dex: 12    Spells: 4/20 levels left

rFire    + . .     SeeInvis .   r - +1 spear (venom)
rCold    + . .     Gourm    .   (no shield)
rNeg     . . .     Faith    .   q - +2 robe {rC+ rF+}
rPois    +         Spirit   .   b - +0 hat
rElec    .         Reflect  .   y - +0 cloak
rCorr    .         Harm     .   (no gloves)
MR       .....                  (no boots)
Stlth    ++++......             (no amulet)
Regen    0.2/turn               E - ring of magical power
MPRegen  0.2/turn               w - ring of poison resistance

@: berserk cooldown, slowed, very slow
A: horns 1, talons 1, icy blue scales 1, clever 1, nightstalker 2
a: Divine Energy, Renounce Religion


You were in a bailey.
You worshipped Sif Muna.
Sif Muna was aware of your devotion.
You were not hungry.

You visited 2 branches of the dungeon, and saw 8 of its levels.
You also visited: Bailey.

You collected 273 gold pieces.

Inventory:

Hand Weapons
 r - a +1 spear of venom (weapon)
 t - a +0 rapier
 v - a +3 flail
Armour
 a - a +0 robe
 b - a +0 hat (worn)
 g - a +0 buckler
 i - a +2 leather armour of cold resistance
 q - a +2 robe of resistance (worn)
 y - a +0 cloak (worn)
Jewellery
 j - an uncursed ring of ice
 k - a +1 ring of slaying
 w - a ring of poison resistance (right hand)
 E - a ring of magical power (left hand)
Wands
 D - a wand of iceblast (7/15)
 H - a wand of enslavement (14/24)
Scrolls
 h - a scroll of blinking {unknown}
 n - 2 scrolls of teleportation
 o - a scroll of amnesia
 s - 4 scrolls of identify
 x - 4 scrolls of remove curse
 B - a scroll of noise {unknown}
 C - a scroll of silence {unknown}
Potions
 e - a potion of berserk rage
 l - a potion of invisibility
 p - a potion of curing
 u - 3 potions of cancellation
 z - a potion of mutation
Books
 c - a book of Minor Magic

   Spells                             Type                      Level
   a - Magic Dart                     Conjuration                  1
   b - Blink                          Translocation                2
   c - Call Imp                       Summoning                    2
   d - Slow                           Hexes                        2
   e - Conjure Flame                  Conjuration/Fire             3
   f - Mephitic Cloud                 Conjuration/Poison/Air       3
 A - a book of Conjurations

   Spells                             Type                      Level
   a - Magic Dart                     Conjuration                  1
   b - Searing Ray                    Conjuration                  2
   c - Dazzling Spray                 Conjuration/Hexes            3
   d - Fulminant Prism                Conjuration/Hexes            4
   e - Force Lance                    Conjuration/Translocation    4
   f - Iskenderun's Mystic Blast      Conjuration                  4
Comestibles
 d - 4 bread rations
 f - 2 meat rations
 m - 2 royal jellies


   Skills:
 + Level 3.5 Fighting
 - Level 1.7 Dodging
 - Level 1.7 Stealth
 + Level 3.2 Shields
 + Level 6.0 Spellcasting
 * Level 8.6 Conjurations
 + Level 3.1 Hexes
 - Level 3.0 Summonings
 - Level 0.8 Translocations
 - Level 3.2 Air Magic
 - Level 3.5 Poison Magic
 + Level 4.9 Invocations


You had 4 spell levels left.
You knew the following spells:

 Your Spells              Type           Power        Failure   Level  Hunger
a - Magic Dart            Conj           ####         1%          1    None
b - Blink                 Tloc           N/A          9%          2    None
c - Call Imp              Summ           ###.....     3%          2    None
d - Mephitic Cloud        Conj/Pois/Air  ####....     2%          3    #......
e - Force Lance           Conj/Tloc      ####....     11%         4    ###....
f - Fulminant Prism       Conj/Hex       #####.....   7%          4    ###....


Dungeon Overview and Level Annotations

Branches:
Dungeon (7/15)             Temple (1/1) D:6

Altars:
Elyvilon
Fedhas
Gozag
Hepliaklqana
Makhleb
Nemelex Xobeh
Okawaru
Qazlal
Sif Muna
Uskayaw
Vehumet
Xom

Shops:
D:5 [

Annotations:
D:2 Sigmund
D:4 Eustachio


Innate Abilities, Weirdness & Mutations

You have sharp toenails.
You are partially covered in icy blue scales. (AC +2)
You are significantly more attuned to the shadows.
You have a pair of small horns on your head.
Your mind is acute. (Int +2)


Message History

The orc knight is moderately wounded.
The hobgoblin looks very confused.
Unknown command.
You hit the orc knight but do no damage.
The orc knight looks as sick as possible!
The orc knight is heavily wounded.
Unknown command.
You hit the orc knight.
You claw the orc knight, but do no damage.
The orc knight is heavily wounded.
Unknown command.
You hit the orc knight.
The orc knight looks as sick as possible!
You claw the orc knight, but do no damage.
The orc knight is heavily wounded.
The orc knight seems less confused.
The orc knight hits you with a war axe!!
* * * LOW HITPOINT WARNING * * *
The orc knight hits you with a war axe!
You die...

##### #.∩.#
###o@.### #...))).#
#..g∩)..# #..).)).#
#..)..).#
######.)))...######
≈≈≈≈≈..)))....≈≈≈≈≈
≈≈≈≈≈≈≈≈.).≈≈≈≈≈≈≈≈
≈≈≈≈≈≈≈≈...≈≈≈≈≈≈≈≈


You could see an orc knight and a hobgoblin (confused).

Vanquished Creatures
  2 orc knights (Bailey)
  An orc sorcerer (Bailey)
  A kobold demonologist (Bailey)
  Prince Ribbit (D:5)
  A sky beast (D:5)
  5 orc warriors (Bailey)
  2 ice beasts
  A centaur (D:5)
  3 ogres (D:4)
  2 bullfrogs
  3 electric eels (Bailey)
  2 crimson imps (D:5)
  A hound (D:3)
  An orc priest (D:4)
  Jessica (D:2)
  2 orc wizards (D:7)
  2 iguanas
  3 worker ants
  A killer bee zombie (D:6)
  A hound skeleton (D:5)
  A worker ant zombie (D:5)
  8 gnolls
  9 adders
  3 oozes
  2 adder skeletons
  A worm (D:5)
  2 dart slugs (D:1)
  8 leopard geckos
  15 orcs
  3 bats
  4 giant cockroaches
  12 goblins
  9 hobgoblins
  11 jackals
  2 quokkas
  A ball python (D:3)
  4 frilled lizards
  8 kobolds
  A leopard gecko skeleton (D:5)
  2 rats (D:1)
142 creatures vanquished.

Vanquished Creatures (collateral kills)
  An orc priest (D:4)
  A hobgoblin (Bailey)
2 creatures vanquished.

Vanquished Creatures (others)
  2 fulminant prisms (Bailey)
2 creatures vanquished.

Grand Total: 146 creatures vanquished

Notes
Turn   | Place    | Note
-------+----------+-------------------------------------------
     0 | D:1      | Hasart the Demonspawn Wizard began the quest for the Orb.
     0 | D:1      | Reached XP level 1. HP: 13/13 MP: 4/4
   541 | D:1      | Gained mutation: You have sharp toenails. [demonic ancestry]
   541 | D:1      | Reached XP level 2. HP: 18/19 MP: 0/6
   604 | D:1      | Reached skill level 2 in Conjurations
  1715 | D:2      | Reached XP level 3. HP: 24/24 MP: 3/7
  1852 | D:2      | Reached skill level 3 in Conjurations
  2037 | D:2      | Noticed Jessica
  2046 | D:2      | Killed Jessica
  2046 | D:2      | Gained mutation: You are slightly more attuned to the shadows. [demonic ancestry]
  2046 | D:2      | Reached XP level 4. HP: 18/30 MP: 0/9
  2270 | D:2      | Noticed Sigmund
  2325 | D:3      | Learned a level 2 spell: Blink
  2328 | D:3      | Learned a level 2 spell: Call Imp
  2332 | D:3      | Learned a level 3 spell: Mephitic Cloud
  3058 | D:3      | Found an opulent altar of Gozag.
  3058 | D:3      | Found a blossoming altar of Fedhas.
  3116 | D:4      | Noticed an ogre
  3124 | D:4      | Killed an ogre
  3124 | D:4      | Reached skill level 4 in Conjurations
  3124 | D:4      | Reached skill level 1 in Air Magic
  3124 | D:4      | Reached skill level 1 in Poison Magic
  3124 | D:4      | Reached XP level 5. HP: 35/35 MP: 1/10
  3471 | D:4      | Noticed Eustachio
  3711 | D:4      | Found a glowing drain.
  3713 | D:4      | Noticed an ogre
  3714 | D:4      | Noticed an ogre
  3761 | D:4      | Gained mutation: You are partially covered in icy blue scales. (AC +2) [demonic ancestry]
  3761 | D:4      | Reached XP level 6. HP: 39/41 MP: 5/12
  4457 | D:4      | Reached skill level 5 in Conjurations
  4502 | D:4      | Reached XP level 7. HP: 43/46 MP: 10/13
  4509 | D:4      | Found a shimmering altar of Xom.
  4562 | D:4      | Found a shimmering altar of Xom.
  4562 | D:4      | Found a shimmering altar of Xom.
  4562 | D:4      | Found a shimmering altar of Xom.
  4562 | D:4      | Found a shimmering altar of Xom.
  4562 | D:4      | Found a shimmering altar of Xom.
  4564 | D:4      | Found a shimmering altar of Xom.
  4564 | D:4      | Found a shimmering altar of Xom.
  4564 | D:4      | Found a shimmering altar of Xom.
  4670 | D:5      | Entered Level 5 of the Dungeon
  4708 | D:5      | Noticed Prince Ribbit
  4718 | D:5      | Killed Prince Ribbit
  5013 | D:5      | Found Soninn's Armour Shoppe.
  5355 | D:5      | Reached skill level 6 in Conjurations
  5595 | D:5      | Gained mutation: You are significantly more attuned to the shadows. [demonic ancestry]
  5595 | D:5      | Reached XP level 8. HP: 52/52 MP: 4/15
  5828 | D:5      | Gained mutation: You have a pair of small horns on your head. [potion of mutation]
  5828 | D:5      | Gained mutation: Your mind is acute. (Int +2) [potion of mutation]
  6202 | D:6      | Reached skill level 5 in Spellcasting
  6434 | D:6      | Found a faded altar of an unknown god.
  6434 | D:6      | Found a staircase to the Ecumenical Temple.
  6441 | Temple   | Entered the Ecumenical Temple
  6570 | Temple   | Became a worshipper of Sif Muna the Loreminder
  6773 | D:6      | Reached skill level 1 in Invocations
  6906 | D:6      | Reached skill level 7 in Conjurations
  7118 | D:6      | Learned a level 4 spell: Force Lance
  7123 | D:6      | Learned a level 4 spell: Fulminant Prism
  7252 | D:7      | Reached skill level 1 in Shields
  7382 | D:7      | Found a flagged portal.
  7392 | Bailey   | Entered a bailey
  7410 | Bailey   | Reached skill level 1 in Fighting
  7542 | Bailey   | Noticed an orc sorcerer
  7542 | Bailey   | Noticed a kobold demonologist
  7603 | Bailey   | Reached skill level 1 in Hexes
  7607 | Bailey   | Killed a kobold demonologist
  7607 | Bailey   | Reached XP level 9. HP: 31/61 MP: 11/17
  7725 | Bailey   | Reached * piety under Sif Muna
  7757 | Bailey   | Noticed an orc knight
  7788 | Bailey   | Killed an orc knight
  7788 | Bailey   | Reached skill level 8 in Conjurations
  7810 | Bailey   | Killed an orc sorcerer
  7816 | Bailey   | Noticed an orc knight
  7832 | Bailey   | Noticed an orc knight
  7835 | Bailey   | Killed an orc knight
  7848 | Bailey   | HP: 3/64 [orc knight/war axe (24)]
  7848 | Bailey   | Mangled by an orc knight

Skill      XL: |  1  2  3  4  5  6  7  8  9 |
---------------+----------------------------+-----
Conjurations   | 2 3 4 5 6 7 8 |  8.6
Air Magic      | 1 2 3 |  3.2
Poison Magic   | 1 2 3 |  3.5
Spellcasting   | 4 5 6 |  6.0
Summonings     | 2 3 |  3.0
Invocations    | 2 4 |  4.9
Shields        | 1 3 |  3.2
Fighting       | 1 3 |  3.5
Hexes          | 1 3 |  3.1
Dodging        | |  1.7
Stealth        | |  1.7
Translocations | |  0.8

Action                   |  1- 3 |  4- 6 |  7- 9 || total
-------------------------+-------+-------+-------++-------
Melee: Spear             |    67 |     8 |   144 ||   219
       Kick              |     8 |    23 |    50 ||    81
       Rapier            |       |    99 |     5 ||   104
       Flail             |       |       |   100 ||   100
       Headbutt          |       |       |    14 ||    14
 Cast: Magic Dart        |    53 |    64 |    94 ||   211
       Mephitic Cloud    |       |    13 |    23 ||    36
       Call Imp          |       |     1 |     8 ||     9
       Fulminant Prism   |       |       |     2 ||     2
  Use: Scroll            |       |       |     9 ||     9
       Potion            |       |       |     8 ||     8
 Stab: Confused          |       |     4 |    11 ||    15
       Distracted        |       |       |     2 ||     2
       Sleeping          |       |       |     2 ||     2
  Eat: Chunk             |     3 |     7 |     9 ||    19
       Royal jelly       |       |     1 |     1 ||     2
       Fruit             |       |       |     1 ||     1
Armor: Leather armour    |    27 |     2 |       ||    29
       Robe              |       |    71 |    84 ||   155
Dodge: Dodged            |    61 |   121 |   183 ||   365
